 Dungeon Crawl Stone Soup version 0.25-a0-577-ga4619f409e (webtiles) character file.

Game seed: 16785699915298267833, levelgen mode: deterministic

2009 Minion the Ruffian (level 9, -5/85 HPs)
             Began as a Troll Monk on Mar 2, 2020.
             Killed from afar by an electric eel (13 damage)
             ... with a bolt of electricity
             ... on level 9 of the Dungeon.
             The game lasted 00:12:25 (5512 turns).

Minion the Ruffian (Troll Monk)                     Turns: 5512, Time: 00:12:26

Health: -5/85      AC: 19    Str: 24    XL:     9   Next: 2%
Magic:  8/8        EV:  3    Int:  6    God:
Gold:   412        SH:  2    Dex: 12    Spells: 8/8 levels left

rFire    + . .     SeeInvis .   G - +0 giant spiked club
rCold    + . .     Gourm    +   (shield currently unavailable)
rNeg     + . .     Faith    .   k - +1 gold dragon scales
rPois    +         Spirit   .   (helmet restricted)
rElec    .         Reflect  +   (no cloak)
rCorr    .         Harm     .   (gloves unavailable)
MR       .....                  (boots unavailable)
Stlth    ..........             y - +2 amulet of reflection
HPRegen  0.64/turn              r - ring of positive energy
MPRegen  0.11/turn              (no ring)

@: no status effects
A: large, unfitting armour, claws 3, fast metabolism 3, gourmand, regeneration
1, shaggy fur 1, tough skin 3
a: no special abilities


You were on level 9 of the Dungeon.
You were completely stuffed.

You visited 1 branch of the dungeon, and saw 9 of its levels.

You collected 412 gold pieces.

Inventory:

Hand Weapons
 u - a +0 arbalest
 G - a +0 giant spiked club (weapon)
Armour
 a - a +0 robe
 k - +1 gold dragon scales (worn)
Magical Staves
 t - an uncursed staff of earth
 x - an uncursed staff of power
 F - an uncursed staff of poison
Jewellery
 r - a ring of positive energy (left claw)
 y - a +2 amulet of reflection (around neck)
 E - a +6 ring of strength
Wands
 q - a wand of iceblast (9)
 D - a wand of polymorph (7)
Scrolls
 f - 3 scrolls of remove curse
 g - 2 scrolls of identify
 l - a scroll of fear {unknown}
 m - 5 scrolls of enchant weapon
 o - 2 scrolls of amnesia
 p - 5 scrolls of teleportation
 s - 2 scrolls of enchant armour
 w - a scroll of acquirement {unknown}
 B - a scroll of fog {unknown}
Potions
 c - 5 potions of cancellation
 d - 5 potions of curing
 e - 2 potions of mutation
 h - 4 potions of lignification
 i - 3 potions of degeneration {unknown}
 j - 3 potions of flight
 n - 2 potions of stabbing
 v - a potion of invisibility {unknown}
 z - a potion of resistance {unknown}
 A - a potion of heal wounds {unknown}
Comestibles
 b - 19 rations


   Skills:
 + Level 4.4 Fighting
 + Level 0.1 Maces & Flails
 + Level 5.4 Armour
 + Level 4.4 Dodging
 - Level 1.0 Stealth
 - Level 7.9 Unarmed Combat


You had 8 spell levels left.
You didn't know any spells.
Your spell library contained the following spells:

 Spells                   Type           Power        Failure   Level  Hunger
 Beastly Appendage        Tmut           #.....       100%        1    ##.....
 Sticks to Snakes         Tmut           #.......     100%        2    ###....
 Spider Form              Tmut/Pois      #.........   100%        3    ####...
 Ice Form                 Ice/Tmut       #.......     100%        4    #####..
 Blade Hands              Tmut           #.........   100%        5    ######.


Dungeon Overview and Level Annotations

Branches:
Dungeon (9/15)             Temple (0/1) D:7
   Lair: D:8-11         Orc: D:9-12

Altars:
Ashenzari
Hepliaklqana
Kikubaaqudgha
Makhleb
Qazlal
Xom

Shops:
D:6 :   D:8 :

Annotations:
D:7 2 transporters, chipmonk's ghost, novice BaFi


Innate Abilities, Weirdness & Mutations

You are too large for most types of armour.
You have claws for hands.
Your metabolism is lightning-fast.
You like to eat raw meat.
Your natural rate of healing is unusually fast.
You are covered in fur. (AC +1)
You have extremely tough skin. (AC +3)


Message History

The bolt of electricity hits you.
The electric eel shoots out a bolt of lightning at you!
The bolt of electricity hits the electric eel.
The electric eel completely resists.
The bolt of electricity hits you!
The electric eel shoots out a bolt of lightning at you!
The bolt of electricity hits you!
The electric eel shoots out a bolt of lightning at you!
The bolt of electricity hits you.
The electric eel shoots out a bolt of lightning at you!
The bolt of electricity hits you!
* * * LOW HITPOINT WARNING * * *
The electric eel shoots out a bolt of lightning at you!
The bolt of electricity hits you!
* * * LOW HITPOINT WARNING * * *
The electric eel shoots out a bolt of lightning at you!
The bolt of electricity hits you!
* * * LOW HITPOINT WARNING * * *
The electric eel shoots out a bolt of lightning at you!
The bolt of electricity hits you!
You die...

#.....≈≈≈≈≈≈≈
#.....;≈≈≈≈≈≈
#.....;≈≈≈≈≈≈
#.....# #.....#
#.....# #.....#
#.....#
#########..@..#
#..........####
#.######....#
###.....#...#.#
#.#.###.#.###.#
#...##...<÷...#
##.#.#...#.##..###
#....#..##.##....##
######............#


You could see 2 electric eels.

Vanquished Creatures
  Sigmund (D:3)
  A spriggan (D:7)
  A water moccasin (D:7)
  A phantom (D:7)
  A sky beast (D:8)
  4 ogres
  A centaur (D:6)
  A bullfrog (D:7)
  A crimson imp (D:7)
  A bullfrog zombie (D:6)
  2 orc priests
  3 hounds
  3 bullfrog skeletons
  A gnoll shaman (D:8)
  5 orc wizards
  An iguana (D:8)
  4 worker ants
  Natasha (twice) (D:3)
  A worker ant zombie (D:2)
  Robin (D:3)
  5 adders
  7 gnolls
  A howler monkey skeleton (D:5)
  4 shadow imps
  4 worms
  2 dart slugs (D:1)
  5 leopard geckos
  20 orcs
  A ball python (D:6)
  6 bats
  7 giant cockroaches
  13 goblins
  9 hobgoblins
  2 jackals (D:6)
  4 quokkas
  6 frilled lizards
  7 kobolds
  A quokka skeleton (D:7)
  4 rats (D:1)
144 creatures vanquished.

Notes
Turn   | Place    | Note
-------+----------+-------------------------------------------
     0 | D:1      | Minion the Troll Monk began the quest for the Orb.
     0 | D:1      | Reached XP level 1. HP: 22/22 MP: 0/0
   159 | D:1      | Reached XP level 2. HP: 29/29 MP: 1/1
   251 | D:1      | Reached skill level 4 in Unarmed Combat
   717 | D:2      | Reached XP level 3. HP: 36/36 MP: 2/2
   725 | D:2      | Reached skill level 1 in Armour
   836 | D:2      | Reached XP level 4. HP: 36/44 MP: 3/3
  1234 | D:3      | Noticed Sigmund
  1242 | D:3      | Reached skill level 5 in Unarmed Combat
  1242 | D:3      | Reached XP level 5. HP: 32/50 MP: 4/4
  1347 | D:3      | Killed Sigmund
  1347 | D:3      | Reached XP level 6. HP: 54/59 MP: 5/5
  1388 | D:3      | You fall into a shaft and drop 1 floor!
  1566 | D:4      | Reached skill level 6 in Unarmed Combat
  1760 | D:3      | Noticed Robin
  1804 | D:3      | Killed Robin
  2034 | D:3      | Reached XP level 7. HP: 66/66 MP: 6/6
  2194 | D:3      | Noticed Natasha
  2198 | D:3      | Killed Natasha
  2412 | D:3      | Noticed Natasha
  2417 | D:3      | Killed Natasha
  2708 | D:4      | Found an iron altar of Okawaru.
  2784 | D:4      | Found an ancient bone altar of Kikubaaqudgha.
  2784 | D:4      | Found a stormy altar of Qazlal.
  2786 | D:4      | Found a shimmering altar of Xom.
  2786 | D:4      | Found a shattered altar of Ashenzari.
  2786 | D:4      | Found a hazy altar of Hepliaklqana.
  2839 | D:5      | Entered Level 5 of the Dungeon
  3740 | D:6      | Found Byhirgh's Book Shoppe.
  3948 | D:7      | Reached skill level 7 in Unarmed Combat
  3956 | D:7      | Reached XP level 8. HP: 61/75 MP: 7/7
  4037 | D:7      | Found a transporter.
  4038 | D:7      | Noticed a moth of wrath
  4039 | D:7      | Noticed chipmonk's ghost (novice BaFi)
  4073 | D:7      | Found a transporter.
  4126 | D:7      | Found a staircase to the Ecumenical Temple.
  4451 | D:7      | Reached skill level 5 in Armour
  4686 | D:8      | Found a burning altar of Makhleb.
  4837 | D:8      | Found Qonoxo's Book Boutique.
  5161 | D:8      | Reached XP level 9. HP: 35/85 MP: 8/8
  5512 | D:9      | Killed from afar by an electric eel

Levels and vault maps discovered:
D:1:      lightli_arrival_quake, layout_basic, minmay_pentomino_t4
D:2:      layout_basic, first_ration
D:3:      layout_basic, uniq_natasha, uniq_robin, uniq_sigmund
D:4:      layout_loops_cross, doesnt_xom_only_xom
D:5:      layout_gridville, chequers_decorated_corner
D:6:      layout_cave_pools, serial_shops, shop_fountains, minmay_statues_item
D:7:      layout_basic, minmay_temple_entry_trees,
          gammafunk_ghost_berserking_beasts, the_bakery
D:8:      layout_loops_ring, nicolae_overflow_crystal_walls, serial_shops, shop
D:9:      layout_basic, minitemple, basic_altar

Skill      XL: |  1  2  3  4  5  6  7  8 |
---------------+-------------------------+-----
Unarmed Combat | 4 5 6 7 |  7.9
Armour         | 1 2 3 4 5 |  5.4
Fighting       | 3 4 |  4.4
Dodging        | 3 4 |  4.4
Maces & Flails | |  0.1
Stealth        | |  1.0

Action                   |  1- 3 |  4- 6 |  7- 9 || total
-------------------------+-------+-------+-------++-------
Melee: Unarmed           |    65 |   164 |   226 ||   455
       Punch             |     2 |     3 |     7 ||    12
       Giant spiked club |       |       |    35 ||    35
  Use: Scroll            |       |       |    11 ||    11
 Stab: Sleeping          |     1 |       |       ||     1
  Eat: Chunk             |    13 |    11 |    32 ||    56
Armor: Robe              |    11 |       |       ||    11
       Gold dragon scale |    22 |   172 |   251 ||   445
       Skin              |       |       |     1 ||     1
Dodge: Dodged            |    32 |    19 |    41 ||    92
Block: Other             |       |       |     8 ||     8

Table legend:
 A = Non-vault XP
 B = Vault XP
 C = Vault XP percentage of total XP
 D = Non-vault monster count
 E = Vault monster count
 F = Vault count percentage of total count
                 A         B        C        D         E       F
            +---------+---------+-------+---------+---------+-------
      Total |    2364 |     506 |  17.6 |     127 |      17 |  11.8
            +---------+---------+-------+---------+---------+-------
        D:1 |      31 |       5 |  13.9 |      18 |       3 |  14.3
        D:2 |     120 |       0 |   0.0 |      19 |       0 |   0.0
        D:3 |     213 |     286 |  57.3 |      26 |      13 |  33.3
        D:4 |     174 |       0 |   0.0 |       6 |       0 |   0.0
        D:5 |     212 |       0 |   0.0 |      14 |       0 |   0.0
        D:6 |     256 |       0 |   0.0 |      11 |       0 |   0.0
        D:7 |     679 |     215 |  24.0 |      10 |       1 |   9.1
        D:8 |     625 |       0 |   0.0 |      21 |       0 |   0.0
        D:9 |      54 |       0 |   0.0 |       2 |       0 |   0.0
            +---------+---------+-------+---------+---------+-------
